 Dungeon Crawl Stone Soup version 0.30-a0-585-g93115170b9 (webtiles) character file.

Game seed: 14957759631762876277

60727 FexLirch the Basher (level 15, -1/118 HPs)
             Began as a Gnoll Reaver on Jan 2, 2023.
             Was an Initiate of Yredelemnul.
             Splashed by a goliath frog's acid (10 damage)
             ... on level 2 of the Swamp.
             The game lasted 01:39:13 (19635 turns).

FexLirch the Basher (Gnoll Reaver)                 Turns: 19635, Time: 01:39:13

Health: -1/118     AC:  3    Str: 18    XL:     15   Next: 0%
Magic:  30/30      EV: 14    Int: 31    God:    Yredelemnul [......]
Gold:   1085       SH: 18    Dex: 12    Spells: 15/36 levels left

rFire   x . .      SeeInvis .    N - +9 staff of Olgreb {rPois∞}
rCold   + + +      Faith    .    a - +2 kite shield {rC+}
rNeg    . . .      Spirit   .    g - +1 ring mail of the Blind Marksman {rC++}
rPois   ∞          Reflect  +    H - +0 helmet
rElec   +          Harm     .    m - +0 cloak
rCorr   .          Rampage  .    (no gloves)
Will    +....                    (no boots)
Stlth   ++++                     L - amulet "Vykoc" {Reflect +Inv rElec Str+2 Dex-2 SH+5}
HPRegen 0.39/turn                G - ring of the Skies Above {Ice rElec Str+3 Int+6 Dex+4}
MPRegen 0.22/turn                F - +6 ring of intelligence

@: corroded, hasted, studying Staves, very quick
A: fangs 1, strong nose, distributed training
a: Renounce Religion, Evoke Invisibility, Evoke the Staff of Olgreb, Recall
Undead Harvest


You were on level 2 of the Swamp.
You worshipped Yredelemnul.
Yredelemnul was aware of your devotion.
You visited 6 branches of the dungeon, and saw 24 of its levels.
You also visited: Ice Cave.

You collected 2074 gold pieces.
You spent 989 gold pieces at shops.

Inventory:

Hand Weapons
 p - the +2 spear "Mosogo" {venom, rPois}
   (You found it on level 3 of the Dungeon)

   It poisons the flesh of those it strikes.
   rPois:     It protects you from poison.
 N - the +9 staff of Olgreb (weapon) {rPois∞}
   (You found it on level 7 of the Dungeon)

   If the wielder is skilled in Evocations, they can envenom those struck by it,
   dealing poison damage which bypasses armour.
   It enhances your poison magic.
   It grants immunity to poison.
   It can be activated via the 'a'bility menu to radiate toxic energy, with
   effectiveness depending on Evocations skill.
 S - the +5 double sword of the Pit {distort, rCorr}
   (You acquired it on level 7 of the Dungeon)

   It warps and distorts space around it, and may blink, banish, or inflict
   extra damage upon those it strikes.
   Unwielding it can cause banishment or teleport you to foes.
   rCorr:     It protects you from acid and corrosion.
Missiles
 J - 2 boomerangs of dispersal
 O - 11 boomerangs
 Q - 9 atropa-tipped darts
 Y - 6 javelins
Armour
 a - a +2 kite shield of cold resistance (worn)
 g - the +1 ring mail of the Blind Marksman (worn) {rC++}
   (You found it on level 8 of the Dungeon)

   rC:        It greatly protects you from cold.
 m - a +0 cloak (worn)
 H - a +0 helmet (worn)
Magical Staves
 A - a staff of air
 T - a staff of cold
Jewellery
 w - a ring of flight
 F - a +6 ring of intelligence (right hand)
 G - the ring of the Skies Above (left hand) {Ice rElec Str+3 Int+6 Dex+4}
   (You acquired it on level 7 of the Dungeon)

   [ring of ice]

   It enhances your ice magic.
   Str:       It affects your strength (+3).
   Int:       It affects your intelligence (+6).
   Dex:       It affects your dexterity (+4).
   rF:        It makes you vulnerable to fire.
   rC:        It protects you from cold.
   rElec:     It insulates you from electricity.
 L - the amulet "Vykoc" (around neck) {Reflect +Inv rElec Str+2 Dex-2 SH+5}
   (You bought it in a shop on level 2 of the Orcish Mines)

   [amulet of reflection]

   It reflects blocked missile attacks.
   Str:       It affects your strength (+2).
   Dex:       It affects your dexterity (-2).
   rElec:     It insulates you from electricity.
   +Inv:      It lets you turn invisible.
   SH:        It affects your SH (+5).
 P - a ring of willpower
 V - a ring of willpower
 W - a ring of see invisible
Wands
 b - a wand of paralysis (10)
 s - a wand of polymorph (24)
 x - a wand of quicksilver (8)
 y - a wand of flame (26)
 R - a wand of mindburst (8)
 X - a wand of roots (11)
Scrolls
 c - a scroll of torment
 h - 7 scrolls of noise
 k - 2 scrolls of butterflies
 l - 3 scrolls of fog
 n - 6 scrolls of teleportation
 q - 3 scrolls of magic mapping
 v - 2 scrolls of fear
 C - 4 scrolls of vulnerability
 K - 2 scrolls of amnesia
 M - a scroll of poison {unknown}
 U - 2 scrolls of immolation
Potions
 d - 2 potions of cancellation
 e - a potion of might
 f - 15 potions of curing
 i - 4 potions of brilliance
 j - 3 potions of invisibility
 r - 3 potions of lignification
 t - 4 potions of magic
 z - 4 potions of flight
 B - 5 potions of mutation
 D - 2 potions of haste
 E - 3 potions of berserk rage
 I - 3 potions of attraction
Miscellaneous
 u - a phantom mirror (inert)
 Z - a lightning rod (4/4)


   Skills:
 + Level 11.0 Fighting
 + Level 10.0 Short Blades
 + Level 10.0 Long Blades
 + Level 10.0 Axes
 + Level 11.9 Maces & Flails
 + Level 10.0 Polearms
 + Level 10.8 Staves
 + Level 10.0 Ranged Weapons
 + Level 10.0 Throwing
 + Level 10.0 Armour
 + Level 11.0 Dodging
 + Level 10.0 Stealth
 + Level 10.0 Shields
 + Level 10.0 Unarmed Combat
 + Level 11.2 Spellcasting
 + Level 10.1 Conjurations
 + Level 8.4 Hexes
 + Level 8.4 Summonings
 + Level 8.4 Necromancy
 + Level 8.4 Translocations
 + Level 8.4 Transmutations
 + Level 8.4 Fire Magic
 + Level 8.4 Ice Magic
 + Level 8.4 Air Magic
 + Level 8.4 Earth Magic
 + Level 8.4 Poison Magic
 + Level 10.9 Invocations
 + Level 10.0 Evocations


You had 15 spell levels left.
You knew the following spells:

 Your Spells              Type           Power      Damage    Failure   Level
a - Kiss of Death         Conj/Necr      100%       2d13      1%          1
b - Momentum Strike       Conj/Tloc      100%       3d10      1%          2
c - Hailstorm             Conj/Ice       84%        3d17      1%          3
d - Ozocubu's Armour      Ice            81%        N/A       1%          3
e - Anguish               Hex/Necr       31%        N/A       3%          4
f - Cigotuvi's Dreadful   Necr/Pois/Air  100%       N/A       1%          2
g - Poisonous Vapours     Pois/Air       100%       N/A       1%          2
h - Mephitic Cloud        Conj/Pois/Air  83%        N/A       1%          3
i - Apportation           Tloc           100%       N/A       1%          1

Your spell library contained the following spells:

 Spells                   Type           Power      Damage    Failure   Level
 Necrotise                Necr           100%       1d9       1%          1
 Summon Small Mammal      Summ           100%       N/A       1%          1
 Ensorcelled Hibernation  Hex/Ice        100%       N/A       1%          2
 Spider Form              Tmut/Pois      81%        N/A       1%          3
 Iskenderun's Battlesphe  Conj           69%        2d12      4%          5
 Fireball                 Conj/Fire      33%        3d14      6%          5
 Metabolic Englaciation   Hex/Ice        40%        N/A       9%          5
 Conjure Ball Lightning   Conj/Air       33%        3x3d11    34%         6
 Orb of Destruction       Conj           34%        9d10      80%         7
 Ozocubu's Refrigeration  Ice            40%        4d16      95%         7
 Simulacrum               Ice/Necr       Unusable   N/A       N/A         6

Dungeon Overview and Level Annotations

Branches:
Dungeon (13/15)            Temple (1/1) D:5            Lair (5/5) D:10
  Swamp (1/4) Lair:3        Snake (1/4) Lair:3        Slime (0/5) Lair:5
    Orc (2/2) D:9             Elf (0/3) Orc:2         IceCv (visited)
 Vaults: D:13-14

Altars:
Ashenzari
Dithmenos
Gozag
Hepliaklqana
Kikubaaqudgha
Okawaru
Qazlal
Ru
Sif Muna
Trog
Yredelemnul
The Shining One
Jiyva

Shops:
D:9 ?   Orc:2 *=!(

Annotations:
D:4 Grinder
D:10 1 runed translucent door, exclusion: molten gargoyle, lotum's ghost, journeyman FoFi


Innate Abilities, Weirdness & Mutations

You have very sharp teeth.
Your uncanny sense of smell can sniff out nearby items.
Your experience applies equally to all skills.


Message History

The spriggan air mage hits you.
* * * LOW HITPOINT WARNING * * *
The will-o-the-wisp engulfs you!
* * * LOW HITPOINT WARNING * * *
You feel much better.
You block the spriggan air mage's attack.
The will-o-the-wisp blinks!
You completely miss the spriggan air mage.
The spriggan air mage is lightly wounded.
Your surroundings suddenly seem different.
Splash!
You fall into the shallow water.
Moving in this stuff is going to be slow.
A goliath frog comes into view.
Found an escape hatch in the ceiling.
You are no longer robbed of momentum.
Unknown command.
Unknown command.
Unknown command.
Unknown command.
Unknown command.
Unknown command.
Unknown command.
Unknown command.
Okay, then.
Unknown command.
Press: ? - help, v - describe, . - travel
Here: a goliath frog The floor.
A swamp dragon comes into view.
You block the goliath frog's attack. The goliath frog hits you from afar!!
* * * LOW HITPOINT WARNING * * *
The acid corrodes you!
You are splashed with acid!
* * * LOW HITPOINT WARNING * * *
You feel much better. You block the goliath frog's attack.
You feel yourself speed up. The goliath frog hits you from afar!!
* * * LOW HITPOINT WARNING * * *
The acid corrodes you!
You are splashed with acid!
You die...
Your body rises from the dead as a mindless zombie.

..P~.≈..P.~..♣
...P~~≈≈≈~~..~.
D~..~≈≈≈~≈~..~.
~.P.~≈≈≈~...~
♣....≈.~..♣
♣..P.~..P.♣
♣♣<..PPPF..♣
♣.~.....§§~♣♣
♣.~~..@..~~~♣
♣~♣.~~~...~♣♣
♣♣.~~...~♣
♣♣♣.~~.♣♣
♣....♣ ♣..~♣♣
♣♣♣♣♣


You could see a swamp dragon (asleep) and a goliath frog.

Vanquished Creatures
  An orc warlord (Orc:1)
  An eleionoma (Swamp:1)
  Fannar (D:11)
  A catoblepas (Lair:5)
  A boulder beetle (D:9)
  A two-headed ogre (D:9)
  An alligator (Swamp:1)
  A death yak (Lair:4)
  2 naga sharpshooters (Snake:1)
  Urug (D:11)
  2 orc high priests
  Sonja (Orc:1)
  A shock serpent (Snake:1)
  An orc knight (Orc:2)
  A lindwurm (Lair:5)
  An orc sorcerer (Orc:2)
  An ugly thing (D:12)
  A mana viper (Snake:1)
  A manticore (D:13)
  An elephant (Lair:3)
  A moth of wrath (D:10)
  A black mamba (Lair:3)
  A naga mage (Snake:1)
  2 torpor snails (Lair:5)
  2 cane toads
  A kobold demonologist (D:12)
  An unseen horror (D:12)
  A freezing wraith (IceCv)
  2 komodo dragons (Lair:1)
  3 ice devils (IceCv)
  A polar bear (Lair:2)
  3 trolls (Orc:1)
  8 blink frogs
  A bloated husk (Swamp:1)
  8 hornets
  A tyrant leech (Lair:5)
  3 slime creatures (D:12)
  A dire elephant simulacrum (IceCv)
  2 wyverns
  25 yaks
  A steam dragon (D:7)
  Menkaure (D:5)
  3 death yak simulacra (IceCv)
  2 vampire mosquitoes (D:12)
  A swamp worm (Swamp:1)
  2 nagas (Snake:1)
  2 hydra simulacra (IceCv)
  2 wargs
  3 acid dragons
  4 water moccasins
  4 ice beasts
  2 sky beasts (D:6)
  10 orc warriors
  A hornet zombie (Lair:5)
  3 black bears
  20 wolves
  2 ogres
  8 centaurs
  6 bullfrogs
  A two-headed ogre simulacrum (IceCv)
  A water moccasin zombie (Lair:5)
  A cane toad simulacrum (IceCv)
  2 scorpions
  A necrophage (D:8)
  3 wights (D:8)
  3 elephant simulacra (IceCv)
  An electric eel (D:10)
  6 howler monkeys
  A wolf zombie (Lair:1)
  A crimson imp (D:3)
  A centaur zombie (D:8)
  5 hounds
  6 orc priests
  2 jellies
  Crazy Yiuf (D:4)
  A gnoll bouda (D:6)
  5 iguanas
  10 orc wizards
  6 hell rats
  A spriggan simulacrum (IceCv)
  2 polar bear simulacra (IceCv)
  6 gnolls
  4 adders
  A naga simulacrum (IceCv)
  2 shadow imps
  A white imp (IceCv)
  2 ufetubi (IceCv)
  A jelly zombie (Lair:5)
  4 worms
  A dart slug (D:1)
  44 orcs
  12 ball pythons
  7 bats
  5 endoplasms
  2 giant cockroaches
  10 goblins
  11 hobgoblins
  7 jackals
  15 kobolds
  4 quokkas
  4 frilled lizards
  A goblin skeleton (D:3)
  A goblin zombie (D:3)
  5 hobgoblin zombies (D:3)
  A kobold skeleton (D:3)
  An orc skeleton (D:3)
  11 orc zombies
  5 rats
396 creatures vanquished.

Vanquished Creatures (collateral kills)
  Snorg (Lair:5)
  A catoblepas (Lair:4)
  2 death yaks (Lair:4)
  2 orc high priests (Orc:2)
  4 orc knights
  A lindwurm (Lair:5)
  4 orc sorcerers (Orc:2)
  4 elephants (Lair:3)
  4 torpor snails
  A black mamba (Lair:2)
  An ice statue (Lair:5)
  5 cane toads
  3 komodo dragons
  2 rime drakes (Lair:1)
  An ice devil (Lair:5)
  4 polar bears
  2 hornets
  2 tyrant leeches (Lair:5)
  5 blink frogs
  A basilisk (Lair:2)
  16 yaks
  A vampire mosquito (D:12)
  2 wyverns
  A warg (Orc:1)
  A naga (Snake:1)
  7 water moccasins
  6 ice beasts (Lair:5)
  9 orc warriors
  3 ogres
  16 wolves
  2 centaurs (D:11)
  4 bullfrogs
  A necrophage (D:5)
  A wight (D:8)
  2 electric eels (D:10)
  2 jellies (Lair:5)
  5 orc priests
  3 hounds
  5 hell rats (Lair:2)
  8 orc wizards
  A gnoll (D:6)
  A white imp (Lair:5)
  9 orcs
  2 orc zombies (Orc:2)
158 creatures vanquished.

Vanquished Creatures (others)
  A hydra (Lair:4)
  A two-headed ogre (D:9)
  A spectral ice dragon (Orc:2)
  An ugly thing (IceCv)
  A cane toad (Lair:2)
  2 trolls
  A vampire (D:10)
  2 slime creature zombies (D:12)
  A two-headed ogre zombie (D:9)
  An elf zombie (D:11)
  A spectral rime drake (Lair:2)
  4 hornet zombies (Lair:5)
  A blink frog zombie (Lair:5)
  A wolf (D:10)
  A vampire mosquito zombie (D:12)
  A torpor snail zombie (Lair:5)
  A kobold brigand (D:9)
  A troll zombie (Lair:5)
  A gnoll sergeant (D:7)
  A komodo dragon zombie (Lair:1)
  A wight (D:8)
  3 water moccasin zombies
  8 yak zombies
  7 wolf zombies
  2 bullfrog zombies
  A centaur zombie (D:9)
  An acid dragon zombie (D:11)
  3 ice beast zombies (Lair:5)
  A hound zombie (D:10)
  A spectral electric eel (D:10)
  A hell rat zombie (Lair:2)
  A howler monkey zombie (D:8)
  5 gnolls (D:6)
  An iguana zombie (D:5)
  An adder zombie (D:6)
  A jelly zombie (D:6)
  A spectral white imp (IceCv)
  2 kobolds (D:9)
  3 gnoll zombies
  3 kobold zombies (D:12)
  40 orc zombies
  A quokka zombie (D:5)
  A spectral ufetubus (IceCv)
  4 foxfires (Swamp:2)
  52 fungi
  78 plants
248 creatures vanquished.

Grand Total: 802 creatures vanquished

Notes
Turn   | Place    | Note
-------+----------+-------------------------------------------
     0 | D:1      | FexLirch the Gnoll Reaver began the quest for the Orb.
     0 | D:1      | Reached XP level 1. HP: 20/20 MP: 6/6
   150 | D:1      | Reached XP level 2. HP: 22/22 MP: 5/7
   280 | D:1      | Reached skill level 5 in Spellcasting
   280 | D:1      | Reached XP level 3. HP: 20/30 MP: 7/9
   771 | D:2      | Learned a level 2 spell: Momentum Strike
   775 | D:2      | Learned a level 3 spell: Hailstorm
   794 | D:2      | Reached skill level 1 in Invocations
  1336 | D:2      | Reached skill level 1 in Short Blades
  1336 | D:2      | Reached skill level 1 in Long Blades
  1336 | D:2      | Reached skill level 1 in Axes
  1336 | D:2      | Reached skill level 1 in Polearms
  1336 | D:2      | Reached skill level 1 in Staves
  1336 | D:2      | Reached skill level 1 in Ranged Weapons
  1336 | D:2      | Reached skill level 1 in Throwing
  1336 | D:2      | Reached skill level 1 in Armour
  1336 | D:2      | Reached skill level 1 in Stealth
  1336 | D:2      | Reached skill level 1 in Shields
  1336 | D:2      | Reached skill level 1 in Unarmed Combat
  1336 | D:2      | Reached skill level 1 in Evocations
  1510 | D:3      | Identified the +2 spear "Mosogo" {venom, rPois}
  1554 | D:3      | Found a glowing golden altar of the Shining One.
  1573 | D:3      | Reached skill level 1 in Hexes
  1573 | D:3      | Reached skill level 1 in Summonings
  1573 | D:3      | Reached skill level 1 in Necromancy
  1573 | D:3      | Reached skill level 1 in Translocations
  1573 | D:3      | Reached skill level 1 in Transmutations
  1573 | D:3      | Reached skill level 1 in Fire Magic
  1573 | D:3      | Reached skill level 1 in Ice Magic
  1573 | D:3      | Reached skill level 1 in Air Magic
  1573 | D:3      | Reached skill level 1 in Earth Magic
  1573 | D:3      | Reached skill level 1 in Poison Magic
  1573 | D:3      | Reached XP level 4. HP: 23/38 MP: 11/11
  1845 | D:3      | Reached XP level 5. HP: 43/43 MP: 12/12
  1954 | D:3      | Found a basalt altar of Yredelemnul.
  2449 | D:4      | Found an opulent altar of Gozag.
  2490 | D:4      | Found a shadowy altar of Dithmenos.
  2517 | D:4      | Noticed an ogre
  2525 | D:4      | Killed an ogre
  2526 | D:4      | Reached XP level 6. HP: 42/50 MP: 4/14
  2614 | D:4      | Noticed Grinder
  2674 | D:4      | Reached skill level 5 in Fighting
  2674 | D:4      | Reached skill level 5 in Dodging
  2689 | D:4      | Learned a level 3 spell: Ozocubu's Armour
  2965 | D:4      | Found a runed translucent door.
  2966 | D:4      | Noticed Crazy Yiuf
  3102 | D:4      | Killed Crazy Yiuf
  3268 | D:3      | Became a worshipper of Yredelemnul the Dark
  3334 | D:5      | Entered Level 5 of the Dungeon
  3334 | D:5      | Noticed a wyvern
  3339 | D:5      | Killed a wyvern
  3340 | D:5      | Reached XP level 7. HP: 23/54 MP: 13/15
  3540 | D:5      | Noticed Menkaure
  3560 | D:5      | Killed Menkaure
  3761 | D:5      | Found a staircase to the Ecumenical Temple.
  3770 | Temple   | Entered the Ecumenical Temple
  4000 | D:5      | Found a sacrificial altar of Ru.
  4410 | D:5      | Found a shimmering blue altar of Sif Muna.
  4548 | D:5      | Reached XP level 8. HP: 36/63 MP: 14/16
  4746 | D:6      | Reached * piety under Yredelemnul
  5602 | D:6      | Learned a level 4 spell: Anguish
  5746 | D:6      | Learned a level 2 spell: Cigotuvi's Dreadful Rot
  6138 | D:6      | Reached ** piety under Yredelemnul
  6152 | D:6      | Reached XP level 9. HP: 44/69 MP: 4/18
  6154 | D:6      | Reached *** piety under Yredelemnul
  6920 | D:7      | Found the +9 staff of Olgreb {rPois∞}
  6976 | D:7      | Learned a level 2 spell: Poisonous Vapours
  6980 | D:7      | Learned a level 3 spell: Mephitic Cloud
  7151 | D:7      | Identified 2 scrolls of acquirement
  7153 | D:7      | Acquired the +5 double sword of the Pit {distort, rCorr}
  7155 | D:7      | Acquired the ring of the Skies Above {Ice rElec Str+3 Int+6
                  | Dex+4}
  7510 | D:8      | Reached skill level 5 in Invocations
  7574 | D:8      | Noticed a hornet
  7594 | D:8      | Killed a hornet
  7715 | D:8      | Identified the +1 ring mail of the Blind Marksman {rC++}
  7873 | D:8      | Found an iron altar of Okawaru.
  7879 | D:8      | Noticed a hornet
  7884 | D:8      | Killed a hornet
  7885 | D:8      | Reached skill level 5 in Short Blades
  7885 | D:8      | Reached skill level 5 in Long Blades
  7885 | D:8      | Reached skill level 5 in Axes
  7885 | D:8      | Reached skill level 5 in Polearms
  7885 | D:8      | Reached skill level 5 in Staves
  7885 | D:8      | Reached skill level 5 in Ranged Weapons
  7885 | D:8      | Reached skill level 5 in Throwing
  7885 | D:8      | Reached skill level 5 in Armour
  7885 | D:8      | Reached skill level 5 in Stealth
  7885 | D:8      | Reached skill level 5 in Shields
  7885 | D:8      | Reached skill level 5 in Unarmed Combat
  7885 | D:8      | Reached skill level 5 in Evocations
  7885 | D:8      | Reached XP level 10. HP: 77/77 MP: 8/20
  7960 | D:8      | Found an ancient bone altar of Kikubaaqudgha.
  8258 | D:9      | Noticed a boulder beetle
  8290 | D:9      | Noticed a two-headed ogre
  8409 | D:9      | Noticed a two-headed ogre
  8416 | D:9      | Killed a two-headed ogre
  8427 | D:9      | Killed a two-headed ogre
  8710 | D:9      | Reached **** piety under Yredelemnul
  8715 | D:9      | Found Dutafil's Magic Scroll Emporium.
  8818 | D:9      | Killed a boulder beetle
  8819 | D:9      | Reached skill level 5 in Hexes
  8819 | D:9      | Reached skill level 5 in Summonings
  8819 | D:9      | Reached skill level 5 in Necromancy
  8819 | D:9      | Reached skill level 5 in Translocations
  8819 | D:9      | Reached skill level 5 in Transmutations
  8819 | D:9      | Reached skill level 5 in Fire Magic
  8819 | D:9      | Reached skill level 5 in Ice Magic
  8819 | D:9      | Reached skill level 5 in Air Magic
  8819 | D:9      | Reached skill level 5 in Earth Magic
  8819 | D:9      | Reached skill level 5 in Poison Magic
  8819 | D:9      | Reached XP level 11. HP: 85/85 MP: 15/23
  8826 | D:9      | Reached ***** piety under Yredelemnul
  8923 | D:9      | Found a staircase to the Orcish Mines.
  9057 | D:10     | Entered Level 10 of the Dungeon
  9447 | D:10     | Found a staircase to the Lair.
  9771 | D:10     | Found a runed translucent door.
  9773 | D:10     | Noticed a spriggan rider
  9777 | D:10     | Identified the +9 spear of Wyrghoq {pain, *Corrode rF++
                  | Str+4}
  9778 | D:10     | Noticed lotum's ghost (journeyman FoFi)
  9923 | D:10     | Found a hazy altar of Hepliaklqana.
 10207 | D:10     | Noticed a moth of wrath
 10215 | D:10     | Found a bloodstained altar of Trog.
 10249 | D:10     | Killed a moth of wrath
 10327 | D:11     | You fall into a shaft and drop 1 floor!
 10349 | D:12     | Noticed a skeletal warrior
 10456 | D:11     | Noticed Fannar
 10624 | D:12     | Noticed a purple ugly thing
 10636 | D:12     | Killed a purple ugly thing
 10966 | D:12     | Noticed a skeletal warrior
 11411 | D:12     | Noticed a skeletal warrior
 11654 | D:13     | Noticed a centaur warrior
 11654 | D:13     | Noticed a manticore
 11654 | D:13     | Noticed a skeletal warrior
 11654 | D:13     | Noticed a skeletal warrior
 11654 | D:13     | Noticed a skeletal warrior
 11661 | D:13     | Noticed a manticore
 11670 | D:13     | Killed a manticore
 12067 | D:11     | Noticed Urug
 12091 | D:11     | Killed Fannar
 12092 | D:11     | Reached XP level 12. HP: 86/94 MP: 2/24
 12101 | D:11     | Killed Urug
 12108 | D:11     | Your ally Fannar died
 12219 | Lair:1   | Entered Level 1 of the Lair of Beasts
 12409 | Lair:1   | Reached skill level 10 in Maces & Flails
 12487 | Lair:1   | Reached ****** piety under Yredelemnul
 13384 | Lair:2   | Found a frozen archway.
 13405 | Lair:2   | Reached XP level 13. HP: 89/101 MP: 16/26
 13851 | IceCv    | Entered an ice cave
 14552 | IceCv    | Found an ancient bone altar of Kikubaaqudgha.
 14804 | Lair:3   | Found a staircase to the Swamp.
 15301 | Lair:3   | Found a staircase to the Snake Pit.
 15379 | Lair:3   | Reached skill level 10 in Spellcasting
 15876 | Lair:4   | Reached skill level 10 in Fighting
 15876 | Lair:4   | Reached skill level 10 in Dodging
 16120 | Lair:5   | Entered Level 5 of the Lair of Beasts
 16120 | Lair:5   | Noticed Snorg
 16123 | Lair:5   | Killed Snorg
 16129 | Lair:5   | Your ally Snorg died
 16153 | Lair:5   | Reached XP level 14. HP: 75/110 MP: 10/28
 16154 | Lair:5   | Reached skill level 10 in Invocations
 16160 | Lair:5   | Learned a level 1 spell: Apportation
 16399 | Lair:5   | Identified the +1 glaive of the Big Bang {venom, rF- rC+++
                  | rCorr Str-2}
 16512 | Lair:5   | Found a staircase to the Slime Pits.
 16516 | Lair:5   | Found a viscous altar of Jiyva.
 16881 | Lair:5   | Found a runed translucent door.
 17422 | Orc:1    | Entered Level 1 of the Orcish Mines
 17459 | Orc:2    | Entered Level 2 of the Orcish Mines
 17459 | Orc:2    | Found Woitasi's Overcharged Wands.
 17753 | Orc:2    | Reached skill level 10 in Staves
 18097 | Orc:2    | Found a staircase to the Elven Halls.
 18306 | Orc:2    | Found Gammick's Jewellery Shoppe.
 18306 | Orc:2    | Found Nybous's Antique Weapon Boutique.
 18308 | Orc:2    | Found Qomeideg's Weapon Boutique.
 18308 | Orc:2    | Found Yrifilin's Distillery.
 18319 | Orc:2    | Bought the amulet "Vykoc" {Reflect +Inv rElec Str+2 Dex-2
                  | SH+5} for 765 gold pieces
 18339 | Orc:2    | Bought a potion of magic for 112 gold pieces
 18339 | Orc:2    | Bought a potion of curing for 42 gold pieces
 18339 | Orc:2    | Bought a potion of heal wounds for 70 gold pieces
 18503 | Orc:1    | Noticed an orc warlord
 18510 | Orc:1    | Noticed Sonja
 18520 | Orc:1    | Killed an orc warlord
 18520 | Orc:1    | Killed Sonja
 18521 | Orc:1    | Reached skill level 10 in Conjurations
 18822 | Snake:1  | Entered Level 1 of the Snake Pit
 18838 | Snake:1  | Reached skill level 10 in Short Blades
 18838 | Snake:1  | Reached skill level 10 in Long Blades
 18838 | Snake:1  | Reached skill level 10 in Axes
 18838 | Snake:1  | Reached skill level 10 in Polearms
 18838 | Snake:1  | Reached skill level 10 in Ranged Weapons
 18838 | Snake:1  | Reached skill level 10 in Throwing
 18838 | Snake:1  | Reached skill level 10 in Armour
 18838 | Snake:1  | Reached skill level 10 in Stealth
 18838 | Snake:1  | Reached skill level 10 in Shields
 18838 | Snake:1  | Reached skill level 10 in Unarmed Combat
 18838 | Snake:1  | Reached skill level 10 in Evocations
 19120 | Swamp:1  | Entered Level 1 of the Swamp
 19123 | Swamp:1  | Noticed an eleionoma
 19552 | Swamp:1  | Killed an eleionoma
 19553 | Swamp:1  | Reached XP level 15. HP: 114/117 MP: 20/30
 19622 | Swamp:1  | You fall into a shaft and drop 1 floor!
 19633 | Swamp:2  | HP: 4/118 [acid (7)]
 19635 | Swamp:2  | Splashed by a goliath frog's acid

Illustrated notes

Levels and vault maps discovered:
D:1:      sevenhm_arrival_forest_fort_small_3, layout_loops_ring
D:2:      layout_basic, chequers_serial_rivers_marsh, glass_columns_a,
          minmay_diced_spiral
D:3:      layout_basic, lemuel_tele_altar, nicolae_tso_besieged_by_evil,
          minmay_misc_feat_diagonals, corexii_shack
D:4:      layout_basic, mainiacjoe_overflow_catwalk,
          mainiacjoe_overflow_24_doors, uniq_grinder, uniq_crazy_yiuf_cottage
D:5:      layout_layer_cave, amcnicky_altar_gilded, nicolae_ru_awakened_eye,
          minmay_temple_entry_poolview, uniq_menkaure
D:6:      layout_loops_ring, serial_rivers, chequers_serial_rivers_micro_c,
          chequers_serial_rivers_small_b, chequers_serial_rivers_small_b,
          chequers_serial_rivers_micro_d, chequers_serial_rivers_small_a,
          chequers_serial_rivers_small_a, grunt_decor_fettered, nrook_campfire,
          grunt_ministairs_7
D:7:      layout_rooms
D:8:      layout_cave_pools, kennysheep_little_box, kiku_gazebo_pond_becter
D:9:      layout_basic, orc_0_dummy, serial_shops, nicolae_take_the_stairs,
          serial_glass, glass_columns_c, glass_columns_c, st_stairs_11,
          chequers_serial_rivers_micro_a
D:10:     layout_basic, beargit_hepliaklqana_dungeon_heroes, tgw_trog,
          erik_lair_island, ebering_ghost_funeral_grove
D:11:     layout_layer_cave, uniq_fannar, uniq_urug
D:12:     layout_basic
D:13:     layout_cave_pools, david_vaults_5
Temple:   pdpol_scorched_temple
Lair:1:   beast_lair_carwin_large_4, layout_layer_cave
Lair:2:   layout_chaotic_city, portal_ice_cave_entry_pillars_2,
          grunt_megastairs_3, serial_bayou_shore_b
Lair:3:   layout_loops_ring, swamp_mist, dummy_snake_entry
Lair:4:   layout_hall_layers, grunt_megastairs_4
Lair:5:   wormcave, layout_loops_ring, nicolae_slime_entry_field_trip,
          ice2_lemuel, lemuel_fruit_tree, uniq_snorg
Swamp:1:  layout_falls_marsh, evilmike_swamp_ruin_house_3,
          infiniplex_staircase_pool
Swamp:2:  layout_basic_swamp, nicolae_swamp_fairy_circle, swamp_pool5
Snake:1:  kennysheep_six_static_rooms, layout_onion_interference
Orc:1:    layout_diamond_mine, basic_altar, uniq_sonja
Orc:2:    grunt_orc_tribal_feast, layout_diamond_mine,
          nicolae_shop_overcharged_wands

Skill      XL: |  1  2  3  4  5  6  7  8  9 10 11 12 13 14 |
---------------+-------------------------------------------+-----
Spellcasting   | 5 6 7 8 9 10 11 | 11.2
Invocations    | 1 2 3 4 5 6 7 8 9 10 | 10.9
Short Blades   | 1 2 3 5 6 7 8 9 10 | 10.0
Long Blades    | 1 2 3 5 6 7 8 9 10 | 10.0
Axes           | 1 2 3 5 6 7 8 9 10 | 10.0
Polearms       | 1 2 3 5 6 7 8 9 10 | 10.0
Staves         | 1 2 3 5 6 7 8 9 10 | 10.8
Ranged Weapons | 1 2 3 5 6 7 8 9 10 | 10.0
Throwing       | 1 2 3 5 6 7 8 9 10 | 10.0
Armour         | 1 2 3 5 6 7 8 9 10 | 10.0
Stealth        | 1 2 3 5 6 7 8 9 10 | 10.0
Shields        | 1 2 3 5 6 7 8 9 10 | 10.0
Unarmed Combat | 1 2 3 5 6 7 8 9 10 | 10.0
Evocations     | 1 2 3 5 6 7 8 9 10 | 10.0
Hexes          | 1 2 3 4 5 6 7 8 |  8.4
Summonings     | 1 2 3 4 5 6 7 8 |  8.4
Necromancy     | 1 2 3 4 5 6 7 8 |  8.4
Translocations | 1 2 3 4 5 6 7 8 |  8.4
Transmutations | 1 2 3 4 5 6 7 8 |  8.4
Fire Magic     | 1 2 3 4 5 6 7 8 |  8.4
Ice Magic      | 1 2 3 4 5 6 7 8 |  8.4
Air Magic      | 1 2 3 4 5 6 7 8 |  8.4
Earth Magic    | 1 2 3 4 5 6 7 8 |  8.4
Poison Magic   | 1 2 3 4 5 6 7 8 |  8.4
Fighting       | 5 6 7 8 9 10 11 | 11.0
Dodging        | 5 6 7 8 9 10 11 | 11.0
Maces & Flails | 7 8 9 10 11 | 11.9
Conjurations   | 6 7 8 9 10 | 10.1

Action                   |  1- 3 |  4- 6 |  7- 9 | 10-12 | 13-15 || total
-------------------------+-------+-------+-------+-------+-------++-------
Melee: Mace              |    97 |       |       |       |       ||    97
       Bite              |     9 |     7 |    29 |    23 |    47 ||   115
       Spear             |    20 |   118 |   207 |    25 |    39 ||   409
       Punch             |     5 |     2 |     8 |       |       ||    15
       Staff             |       |       |    42 |   193 |   297 ||   532
 Cast: Kiss of Death     |     1 |     3 |     2 |     2 |     2 ||    10
       Hailstorm         |       |     1 |     4 |    19 |    18 ||    42
       Momentum Strike   |       |     4 |    20 |     6 |     9 ||    39
       Ozocubu's Armour  |       |     2 |    11 |    15 |    19 ||    47
       Anguish           |       |       |     7 |     9 |    15 ||    31
       Cigotuvi's Dreadf |       |       |     2 |     2 |       ||     4
       Poisonous Vapours |       |       |     6 |    34 |    24 ||    64
       Mephitic Cloud    |       |       |     4 |    24 |    28 ||    56
       Apportation       |       |       |       |       |    12 ||    12
Invok: Recall Undead Har |       |       |     4 |     3 |     5 ||    12
       Bind Soul         |       |       |       |     1 |     4 ||     5
       Dark Bargain      |       |       |       |       |     1 ||     1
 Abil: Evoke the Staff o |       |       |       |    18 |    26 ||    44
Evoke: Wand              |       |       |     2 |     1 |       ||     3
       Phantom mirror    |       |       |       |       |     2 ||     2
  Use: Scroll            |       |       |    21 |     6 |     7 ||    34
       Potion            |       |       |       |     2 |     3 ||     5
 Stab: Sleeping          |       |     4 |     4 |     2 |     6 ||    16
       Distracted        |       |     2 |     5 |     3 |     6 ||    16
       Confused          |       |       |     1 |     4 |    11 ||    16
       Paralysed         |       |       |       |     1 |       ||     1
       Petrifying        |       |       |       |       |     3 ||     3
Armor: Leather armour    |    34 |       |       |       |       ||    34
       Robe              |     8 |    18 |    81 |       |       ||   107
       Ring mail         |       |       |       |    65 |    99 ||   164
Dodge: Dodged            |    83 |    60 |   131 |   114 |   174 ||   562
Block: Kite shield       |       |       |    16 |   128 |   235 ||   379
       Reflection        |       |       |       |       |    11 ||    11

Table legend: (Time is in decaauts)
 A = Elapsed time spent in this place.
 B = Non-inter-level travel time spent in this place.
 C = Inter-level travel time spent in this place.
 D = Time resting spent in this place.
 E = Time spent auto-exploring this place.
 F = Levels seen in this place.
 G = Mean time per level.
                   A        B        C        D        E       F      G
               +--------+--------+--------+--------+--------+-----+--------+
         Total |  19646 |  18201 |   1445 |   1652 |  10661 |  25 |  785.8 |
       Dungeon |  12399 |  11645 |    754 |    620 |   7966 |  13 |  953.8 |
        Temple |      1 |      1 |      0 |      0 |      0 |   1 |    1.0 |
          Lair |   4803 |   4316 |    487 |    321 |   2366 |   5 |  960.6 |
         Swamp |    122 |    122 |      0 |      0 |     51 |   2 |   61.0 |
     Snake Pit |    263 |    240 |     23 |      0 |    124 |   1 |  263.0 |
  Orcish Mines |   1236 |   1055 |    181 |    284 |    111 |   2 |  618.0 |
      Ice Cave |    818 |    818 |      0 |    427 |     43 |   1 |  818.0 |
               +--------+--------+--------+--------+--------+-----+--------+

Top non-repeatable levels by time:
     D:5: 1802 daAuts
    D:12: 1494 daAuts
  Lair:3: 1492 daAuts
     D:6: 1490 daAuts
    D:10: 1216 daAuts
  Lair:5: 1133 daAuts
     D:3: 1004 daAuts
  Lair:1: 996 daAuts
     D:4: 978 daAuts
     D:8: 872 daAuts
     D:9: 868 daAuts
   Orc:2: 845 daAuts
   IceCv: 818 daAuts
  Lair:2: 772 daAuts
     D:1: 768 daAuts
